 Dungeon Crawl Stone Soup version 0.29.1-12-g30fa7ad0bf (webtiles) character file.

Game seed: 9043273413448426027

13585 cheesebisquit the Severer (level 11, 0/138 HPs)
             Began as a Minotaur Berserker on Jan 4, 2023.
             Was an Elder of Trog.
             Shot with an arrow by a salamander (2 damage)
             ... on level 11 of the Dungeon.
             The game lasted 00:49:52 (12153 turns).

cheesebisquit the Severer (Minotaur Berserker)     Turns: 12153, Time: 00:49:53

Health: 0/138      AC: 17    Str: 32    XL:     11   Next: 77%
Magic:  10/10      EV:  9    Int:  4    God:    Trog [****..]
Gold:   951        SH:  5    Dex: 10    Spells: 10/10 levels left

rFire   . . .      SeeInvis .   a - +4 war axe
rCold   . . .      Faith    .   (no shield)
rNeg    + . .      Spirit   .   e - +0 plate armour
rPois   .          Reflect  +   (helmet restricted)
rElec   .          Harm     .   J - +0 cloak
rCorr   .          Rampage  .   C - +1 Delatra's gloves {ID++}
Will    ++...                   Q - +0 pair of boots
Stlth   ..........              z - amulet of reflection
HPRegen 1.33/turn               d - +6 ring of strength
MPRegen 0.12/turn               h - ring of positive energy

@: berserking, strong-willed, regenerating, very quick
A: horns 2, retaliatory headbutt
a: Renounce Religion, Berserk, Trog's Hand, Brothers in Arms


You were on level 11 of the Dungeon.
You worshipped Trog.
Trog was greatly pleased with you.
You visited 1 branch of the dungeon, and saw 11 of its levels.

You collected 1048 gold pieces.
You spent 97 gold pieces at shops.

Inventory:

Hand Weapons
 a - a +4 war axe (weapon)
 b - a +0 sling
 B - a +1 morningstar of freezing
Missiles
 g - 5 poisoned darts (quivered)
 n - 74 stones
 K - 2 throwing nets
Armour
 e - a +0 plate armour (worn)
 C - the +1 Delatra's gloves (worn) {ID++}
   (You found it on level 3 of the Dungeon)

   It heals its wearer when they drink unknown potions.
   It restores its wearer's MP when they read unknown scrolls.
 J - a +0 cloak (worn)
 Q - a +0 pair of boots (worn)
Jewellery
 d - a +6 ring of strength (left hand)
 h - a ring of positive energy (right hand)
 y - an amulet of magic regeneration
 z - an amulet of reflection (around neck)
 A - a ring of flight
 M - an amulet of guardian spirit
 R - the ring of Ica Siwo {Fly Dex+4}
   (You found it on level 9 of the Dungeon)

   [ring of flight]

   Dex:       It affects your dexterity (+4).
   Fly:       It grants you flight.
Wands
 r - a wand of digging (7)
 x - a wand of flame (23)
 I - a wand of charming (7)
 N - a wand of polymorph (13)
 S - a wand of iceblast (4)
Scrolls
 j - a scroll of magic mapping
 l - 5 scrolls of teleportation
 o - a scroll of noise {unknown}
 p - a scroll of brand weapon {unknown}
 q - 2 scrolls of butterflies
 s - 2 scrolls of enchant armour
 u - a scroll of poison
 w - a scroll of enchant weapon
 D - 4 scrolls of immolation
 H - 2 scrolls of vulnerability
 L - a scroll of summoning {unknown}
 O - a scroll of fear {unknown}
 T - 3 scrolls of blinking {unknown}
Potions
 c - a potion of lignification
 f - 2 potions of mutation
 i - 12 potions of curing
 k - 4 potions of flight
 m - 4 potions of attraction
 t - a potion of resistance
 v - a potion of cancellation
 E - 2 potions of might
 F - 2 potions of haste
 G - a potion of ambrosia


   Skills:
 + Level 7.2 Fighting
 - Level 19.7 Axes
 + Level 6.7 Armour
 + Level 6.0 Dodging


You had 10 spell levels left.
You didn't know any spells.
Your spell library was empty.

Dungeon Overview and Level Annotations

Branches:
Dungeon (11/15)            Temple (0/1) D:6            Lair (0/5) D:11
    Orc (0/2) D:10

Altars:
Cheibriados
Elyvilon
Gozag
Makhleb
Vehumet
Zin
The Shining One

Shops:
D:6 *   D:7 (   D:8 [=   D:10 [

Portals:
Trove: D:11 (lose all piety)

Annotations:
D:10 3 runed translucent doors


Innate Abilities, Weirdness & Mutations

You have a pair of horns on your head.
You reflexively headbutt those who attack you in melee.


Message History

Found a stone staircase leading up.
There is an open door here.
You open the gate. 2 salamanders come into view.
The salamander wields a +0 shortbow of flaming.
It bursts into flame!
The salamander shoots an arrow.
The arrow hits you! The arrow burns you.
There is an open gate here.
The salamander shoots an arrow.
The arrow hits you. The arrow burns you.
Your skin crawls.
You feel strong-willed.
A salamander comes into view. It is wielding a +0 halberd.
The salamander hits you from afar with a +0 halberd!
You are engulfed in flames!
The salamander shoots an arrow.
The arrow hits you! The arrow burns you.
A red film seems to cover your vision as you go berserk!
You feel yourself moving faster!
You feel mighty!
The salamander hits you from afar with a +0 halberd!
You are engulfed in flames!
* * * LOW HITPOINT WARNING * * *
The salamander shoots an arrow.
The arrow hits you but does no damage.
You feel a strong urge to attack something.
A salamander comes into view. It is wielding a +0 spear.
The salamander hits you with a +0 halberd!
* * * LOW HITPOINT WARNING * * *
You are engulfed in flames!
* * * LOW HITPOINT WARNING * * *
You slash the salamander! You headbutt the salamander!
The salamander is moderately wounded.
The salamander shoots an arrow.
The arrow barely misses you.
You are too berserk!
You slash the salamander! You headbutt the salamander!
The salamander is severely wounded.
You hit the salamander. You headbutt the salamander.
The salamander is almost dead.
The salamander hits you but does no damage.
The salamander shoots an arrow.
The arrow hits you!
* * * LOW HITPOINT WARNING * * *
The arrow burns you.
You die...

...##...# #...# #####..........
...##...###...#########.#.#######
.................................
.....######...#..###.............
#....# #...##...#............}
#....###########...#.............
..............##'''############..
..............#8...8# ###
..............#≈@..≈# #
.)............#≈N..≈# ###
..............#≈...§# #..
[.............#≈§NN8# #..
..............#≈..§N.. #..
..............#8≈≈§≈≈≈≈ #..
..............########## ###
......................# #..
......................###### #.#


You could see 4 salamanders.

Vanquished Creatures
  Snorg (D:11)
  Harold (D:11)
  Erica (D:10)
  A two-headed ogre (D:11)
  Pikel (D:4)
  Maurice (D:8)
  Psyche (D:8)
  An unseen horror (D:10)
  2 komodo dragons (D:11)
  A guardian mummy (D:11)
  2 trolls
  A hornet (D:10)
  Prince Ribbit (D:9)
  19 yaks
  A wyvern (D:10)
  A wraith (D:10)
  Grum (D:10)
  4 vampire mosquitoes (D:11)
  Menkaure (D:5)
  A water moccasin (D:6)
  An acid dragon (D:9)
  Duvessa (D:7)
  3 orc warriors
  2 ice beasts (D:7)
  A sky beast (D:8)
  3 black bears
  2 ogres
  4 wolves (D:10)
  3 centaurs
  A lemure (D:4)
  A bullfrog (D:9)
  3 necrophages
  A gnoll sergeant (D:11)
  6 scorpions (D:7)
  9 wights (D:7)
  Dowan (D:7)
  4 killer bees (D:8)
  6 hounds
  3 jellies
  2 orc priests (D:8)
  10 orc wizards
  Terence (D:2)
  9 iguanas
  A statue (D:4)
  10 gnolls
  6 adders
  3 white imps (D:6)
  An ufetubus (D:6)
  3 worms
  3 dart slugs
  51 orcs
  10 bats
  11 endoplasms
  6 giant cockroaches
  5 goblins
  15 hobgoblins
  8 jackals
  5 quokkas
  5 ball pythons
  5 frilled lizards
  16 kobolds
  7 rats
291 creatures vanquished.

Vanquished Creatures (others)
  6 fungi (D:7)
  2 plants (D:10)
8 creatures vanquished.

Grand Total: 299 creatures vanquished

Notes
Turn   | Place    | Note
-------+----------+-------------------------------------------
     0 | D:1      | cheesebisquit the Minotaur Berserker began the quest for
                  | the Orb.
     0 | D:1      | Reached XP level 1. HP: 19/19 MP: 0/0
   166 | D:1      | Reached XP level 2. HP: 13/27 MP: 1/1
   321 | D:1      | Reached skill level 4 in Axes
   753 | D:1      | Reached ** piety under Trog
   754 | D:1      | Reached XP level 3. HP: 26/33 MP: 2/2
   922 | D:1      | You fall into a shaft and drop 1 floor!
  1169 | D:1      | Found a faded altar of an unknown god.
  1250 | D:1      | Reached skill level 5 in Axes
  1886 | D:2      | Reached XP level 4. HP: 30/40 MP: 3/3
  1958 | D:2      | Noticed Terence
  1965 | D:2      | Killed Terence
  1966 | D:2      | Reached skill level 6 in Axes
  2568 | D:3      | Reached XP level 5. HP: 44/46 MP: 4/4
  2581 | D:3      | Found the +1 Delatra's gloves {ID++}
  2801 | D:3      | Reached skill level 7 in Axes
  3068 | D:3      | Reached *** piety under Trog
  3822 | D:4      | Noticed a black bear
  3829 | D:4      | Killed a black bear
  3830 | D:4      | Reached skill level 8 in Axes
  3830 | D:4      | Reached XP level 6. HP: 52/52 MP: 5/5
  4075 | D:4      | Found a radiant altar of Vehumet.
  4075 | D:4      | Noticed Pikel
  4105 | D:4      | Reached skill level 9 in Axes
  4109 | D:4      | Killed Pikel
  4110 | D:4      | Reached skill level 11 in Axes
  4110 | D:4      | Reached XP level 7. HP: 55/58 MP: 6/6
  4269 | D:4      | Reached XP level 8. HP: 61/66 MP: 7/7
  4617 | D:5      | Entered Level 5 of the Dungeon
  4643 | D:5      | Noticed Menkaure
  4650 | D:5      | Killed Menkaure
  4651 | D:5      | Reached skill level 12 in Axes
  5102 | D:5      | Reached skill level 13 in Axes
  5243 | D:5      | Found a white marble altar of Elyvilon.
  5243 | D:5      | Found a glowing golden altar of the Shining One.
  5243 | D:5      | Found a glowing silver altar of Zin.
  5702 | D:6      | Found a staircase to the Ecumenical Temple.
  5718 | D:6      | Found Dipliade's CLEARANCE SALE!.
  5727 | D:6      | Bought a scroll of enchant weapon for 30 gold pieces
  5802 | D:6      | Reached skill level 14 in Axes
  5977 | D:6      | Reached XP level 9. HP: 67/71 MP: 8/8
  6459 | D:7      | Reached **** piety under Trog
  6536 | D:7      | Noticed Dowan
  6537 | D:7      | Noticed Duvessa
  6547 | D:7      | Killed Duvessa
  6548 | D:7      | Reached skill level 15 in Axes
  6555 | D:7      | Killed Dowan
  6655 | D:7      | Reached skill level 16 in Axes
  6984 | D:7      | Found Ujil's Weapon Shoppe.
  7311 | D:8      | Noticed Psyche
  7313 | D:8      | Found Cineymustru's Jewellery Boutique.
  7317 | D:8      | Killed Psyche
  7318 | D:8      | Reached skill level 17 in Axes
  7318 | D:8      | Reached XP level 10. HP: 78/78 MP: 9/9
  7896 | D:8      | Found Iprumer's Armour Shoppe.
  7907 | D:8      | Bought a +0 pair of boots for 67 gold pieces
  8030 | D:8      | Found an opulent altar of Gozag.
  8030 | D:8      | Found a burning altar of Makhleb.
  8229 | D:8      | Noticed Maurice
  8242 | D:8      | Killed Maurice
  8243 | D:8      | Reached skill level 18 in Axes
  8449 | D:9      | Noticed Prince Ribbit
  8458 | D:9      | Killed Prince Ribbit
  9212 | D:9      | Identified the ring of Ica Siwo {Fly Dex+4}
  9237 | D:9      | Reached skill level 19 in Axes
  9400 | D:10     | Entered Level 10 of the Dungeon
  9402 | D:10     | Found a runed translucent gate.
  9402 | D:10     | Found a runed translucent gate.
  9403 | D:10     | Found a runed translucent gate.
  9403 | D:10     | Noticed a cyan ugly thing
  9403 | D:10     | Noticed a purple ugly thing
  9404 | D:10     | Noticed a cyan ugly thing
  9405 | D:10     | Noticed a green ugly thing
  9900 | D:10     | Noticed Grum
  9909 | D:10     | Killed Grum
  9911 | D:10     | Reached XP level 11. HP: 81/83 MP: 10/10
 10040 | D:10     | Noticed Erica
 10056 | D:10     | Killed Erica
 10305 | D:10     | Found a snail-covered altar of Cheibriados.
 10414 | D:10     | Found Ytzuq's Antique Armour Shoppe.
 10504 | D:10     | Found a staircase to the Orcish Mines.
 10869 | D:11     | Noticed Harold
 10885 | D:11     | Killed Harold
 10886 | D:11     | Reached skill level 5 in Fighting
 10930 | D:11     | Reached skill level 5 in Armour
 11257 | D:11     | Reached skill level 5 in Dodging
 11413 | D:11     | Noticed Snorg
 11425 | D:11     | Killed Snorg
 11545 | D:11     | Found a staircase to the Lair.
 11564 | D:11     | Found a portal to a secret trove of treasure.
 11663 | D:11     | Noticed a two-headed ogre
 11668 | D:11     | Killed a two-headed ogre
 12153 | D:11     | HP: 2/138 [salamander/arrow (10)]
 12153 | D:11     | Shot with an arrow by a salamander

Illustrated notes

Levels and vault maps discovered:
D:1:      ebering_trefoil_twist, layout_basic,
          hellmonk_ecumenical_altar_inner_sanctum
D:2:      layout_basic, minmay_statues_item, chequers_serial_rivers_small_a,
          kennysheep_generic_room_9, uniq_terence
D:3:      layout_basic, dk_noncrumbling_2
D:4:      layout_cave_pods, vehumet_statue, uniq_pikel
D:5:      layout_loops_ring, dreamdust_divine_triumvirate,
          chequers_serial_rivers_small_b, minmay_misc_feat_plants, uniq_menkaure
D:6:      layout_basic, minmay_temple_entry_large_hall, chequers_garden,
          nicolae_shop_clearance
D:7:      old_forge, layout_basic, serial_shops,
          nicolae_shop_bloodbath_and_beyond, serial_glass, glass_columns_b,
          glass_columns_a, glass_columns_a, glass_columns_a, uniq_duvessa
D:8:      layout_basic, gammafunk_temple_overflow_pools, serial_shops,
          shop_coins, shop, uniq_maurice, uniq_psyche
D:9:      layout_loops_ring, uniq_prince_ribbit1
D:10:     layout_roguey, mainiacjoe_overflow_chevrons, hiddenorc1_lemuel,
          ploomutoo_gammafunk_ghost_potion_laboratory, serial_shops,
          nicolae_shop_advertising_works [nicolae_subvault_shop_adworks],
          uniq_grum, uniq_erica
D:11:     layout_basic, lair_entry_dummy, nicolae_trove_entry_path_of_doom,
          hellmonk_guarded_unrand_salamander, uniq_snorg, uniq_harold

Skill      XL: |  1  2  3  4  5  6  7  8  9 10 11 |
---------------+----------------------------------+-----
Axes           | 4 5 6 8 11 14 17 19 | 19.7
Fighting       | 7 |  7.2
Armour         | 6 |  6.7
Dodging        | 6 |  6.0

Action                   |  1- 3 |  4- 6 |  7- 9 | 10-12 || total
-------------------------+-------+-------+-------+-------++-------
Melee: Hand axe          |    70 |       |       |       ||    70
       Headbutt          |     7 |    15 |    34 |    45 ||   101
       War axe           |    13 |   131 |   186 |   245 ||   575
       Punch             |       |     2 |     3 |     2 ||     7
Invok: Berserk           |       |     5 |     6 |    11 ||    22
       Trog's Hand       |       |     3 |     5 |     3 ||    11
  Use: Scroll            |       |     8 |     8 |     8 ||    24
       Potion            |       |       |     1 |       ||     1
Armor: Leather armour    |    11 |     1 |       |       ||    12
       Scale mail        |       |    34 |       |       ||    34
       Plate armour      |       |    27 |    77 |   113 ||   217
Dodge: Dodged            |    45 |    67 |    46 |    79 ||   237
Block: Other             |       |       |    38 |    52 ||    90
       Reflection        |       |       |     2 |     5 ||     7
